 Dungeon Crawl Stone Soup version 0.30-a0-29-g142975f185 (webtiles) character file.

Game seed: 3868291691499089359

232 purpskrrrp the Covered (level 6, -7/38 HPs)
             Began as a Gargoyle Fighter on Aug 26, 2022.
             Mangled by a gnoll
             ... wielding a +0 halberd
              (8 damage)
             ... on level 4 of the Dungeon.
             The game lasted 00:04:22 (2733 turns).

purpskrrrp the Covered (Gargoyle Fighter)           Turns: 2733, Time: 00:04:22

Health: -7/38      AC: 12    Str: 21    XL:     6   Next: 4%
Magic:  6/6        EV: 10    Int:  9    God:
Gold:   200        SH:  4    Dex:  9    Spells: 5/5 levels left

rFire   . . .      SeeInvis .    a - +0 flail
rCold   . . .      Faith    .    c - +0 buckler
rNeg    + + .      Spirit   .    t - +3 leather armour
rPois   ∞          Reflect  .    (no helmet)
rElec   +          Harm     .    (no cloak)
rCorr   .          Rampage  .    (no gloves)
Will    .....                    s - +0 pair of boots
Stlth   +.........               f - amulet of magic regeneration
HPRegen 0.12/turn                w - ring of positive energy
MPRegen 0.50/turn                (no ring)

@: mighty
A: sickness immunity, AC +4, negative energy resistance 1, electricity
resistance, torment resistance 1, petrification resistance
a: no special abilities


You were on level 4 of the Dungeon.
You visited 1 branch of the dungeon, and saw 4 of its levels.

You collected 200 gold pieces.

Inventory:

Hand Weapons
 a - a +0 flail (weapon)
Armour
 b - a +0 scale mail
 c - a +0 buckler (worn)
 s - a +0 pair of boots (worn)
 t - a +3 leather armour (worn)
Jewellery
 f - an amulet of magic regeneration (around neck)
 w - a ring of positive energy (left hand)
Wands
 v - a wand of acid (12)
Scrolls
 e - 5 scrolls of amnesia {unknown}
 g - 2 scrolls of identify {unknown}
 h - 2 scrolls of teleportation {unknown}
 j - a scroll of vulnerability {unknown}
 k - a scroll of poison {unknown}
 n - 2 scrolls of fog {unknown}
 q - a scroll of torment {unknown}
Potions
 i - a potion of resistance {unknown}
 l - 3 potions of curing {unknown}
 m - a potion of attraction {unknown}
 o - a potion of flight {unknown}
 p - a potion of lignification {unknown}
 r - a potion of heal wounds {unknown}
 u - a potion of mutation {unknown}
 x - a potion of cancellation {unknown}
 z - a potion of haste {unknown}


   Skills:
 + Level 4.1 Fighting
 * Level 3.8 Maces & Flails
 * Level 4.9 Armour
 + Level 4.2 Shields


You had 5 spell levels left.
You didn't know any spells.
Your spell library contained the following spells:

 Spells                   Type           Power      Damage    Failure   Level
 Animate Dead             Necr           0%         N/A       99%         4
 Passage of Golubria      Tloc           0%         N/A       99%         4
 Silence                  Hex/Air        0%         N/A       100%        5
 Haunt                    Necr/Summ      0%         N/A       100%        7
 Infestation              Necr           0%         N/A       100%        8
 Lehudib's Crystal Spear  Conj/Erth      0%         10d2      100%        8


Dungeon Overview and Level Annotations

Branches:
Dungeon (4/15)
 Temple: D:4-7

Altars:
Wu Jian

Annotations:
D:3 2 transporters, Sobieck's ghost, amateur VSMo


Innate Abilities, Weirdness & Mutations

You are immune to sickness and miasma.
Your stone body is resilient. (AC +4)
You are immune to poison.
You resist negative energy. (rN+)
You are resistant to electric shocks. (rElec)
You are resistant to unholy torment.
You are immune to petrification.


Message History

The gnoll hits you from afar with a +0 spear.
The gnoll barely misses you.
You thump the gnoll!
You kill the gnoll!
The gnoll barely misses you. You block the gnoll's attack.
The gnoll barely misses you. The gnoll closely misses you.
The gnoll barely misses you. The gnoll hits you but does no damage.
You have reached level 6!
You barely miss the gnoll. The gnoll hits you but does no damage.
The gnoll closely misses you. x2
Unknown command.
You hit the gnoll.
The gnoll is moderately wounded.
The gnoll closely misses you. You block the gnoll's attack.
The gnoll hits you from afar with a +0 spear.
Unknown command.
The gnoll attacks as you move away! You block the gnoll's attack.
The gnoll attacks as you move away! The gnoll barely misses you.
You block the gnoll's attack. The gnoll hits you but does no damage.
You barely miss the gnoll.
The gnoll is moderately wounded.
The gnoll hits you but does no damage. The gnoll misses you.
You hit the gnoll.
The gnoll is moderately wounded.
The gnoll hits you with a +0 flail.
The gnoll hits you from afar with a +0 halberd.
* * * LOW HITPOINT WARNING * * *
You block the gnoll's attack. The gnoll hits you with a +0 flail.
* * * LOW HITPOINT WARNING * * *
You closely miss the gnoll.
The gnoll is moderately wounded.
You block the gnoll's attack. x2
You feel very mighty all of a sudden. The gnoll closely misses you.
The gnoll hits you from afar with a +0 halberd!
* * * LOW HITPOINT WARNING * * *
You thump the gnoll!
You kill the gnoll!
The gnoll hits you from afar with a +0 halberd!
You die...

............>†........
#. ..##....#......#....
....###............##...
.........##........#....
.#..##...#.......... .
####................
.##.....#.........#.
#........#.....?....
#.......@#.........#
#...#.....gg.........
#....##...##..).....#
#........###.........
#...................#
......#...$........
....#.##.......##..
...### ###.....# .. ..
##.#...


You could see 2 gnolls.

Vanquished Creatures
  A bullfrog (D:4)
  A jelly (D:4)
  2 gnolls (D:4)
  8 adders
  A worm (D:3)
  A dart slug (D:1)
  An orc (D:3)
  5 bats
  2 endoplasms
  3 giant cockroaches
  3 goblins
  4 hobgoblins
  3 jackals (D:1)
  6 kobolds
  A quokka (D:4)
  4 ball pythons
  2 frilled lizards
  8 rats
56 creatures vanquished.

Notes
Turn   | Place    | Note
-------+----------+-------------------------------------------
     0 | D:1      | purpskrrrp the Gargoyle Fighter began the quest for the
                  | Orb.
     0 | D:1      | Reached XP level 1. HP: 14/14 MP: 1/1
    78 | D:1      | Reached XP level 2. HP: 19/19 MP: 2/2
  1107 | D:2      | Reached XP level 3. HP: 23/23 MP: 3/3
  1441 | D:2      | Reached XP level 4. HP: 21/29 MP: 4/4
  1988 | D:3      | Found an ornate altar of the Wu Jian Council.
  2010 | D:3      | Found a transporter.
  2010 | D:3      | Noticed Sobieck's ghost (amateur VSMo)
  2016 | D:3      | Found a transporter.
  2321 | D:3      | Reached XP level 5. HP: 31/33 MP: 5/5
  2723 | D:4      | Reached XP level 6. HP: 22/38 MP: 6/6
  2732 | D:4      | HP: 1/38 [gnoll/+0 halberd (7)]
  2733 | D:4      | Mangled by a gnoll

Illustrated notes

Levels and vault maps discovered:
D:1:      minmay_arrival_plants_in_alcoves, layout_loops_ring,
          chequers_big_river
D:2:      layout_basic
D:3:      layout_basic, mainiacjoe_overflow_surrounded_room,
          gammafunk_ghost_mausoleum
D:4:      layout_cave_pools, nemelex_dance_club_becter, serial_glass,
          glass_columns_c, glass_columns_c

Skill      XL: |  1  2  3  4  5 |
---------------+----------------+-----
Armour         | 4 |  4.9
Maces & Flails | 3 |  3.8
Shields        | 4 |  4.2
Fighting       | 4 |  4.1

Action                   |  1- 3 |  4- 6 || total
-------------------------+-------+-------++-------
Melee: Flail             |    88 |   109 ||   197
  Use: Potion            |       |     1 ||     1
Armor: Scale mail        |    72 |    71 ||   143
       Leather armour    |       |    12 ||    12
Dodge: Dodged            |    67 |    73 ||   140
Block: Buckler           |    20 |    35 ||    55

Table legend: (Time is in decaauts)
 A = Elapsed time spent in this place.
 B = Non-inter-level travel time spent in this place.
 C = Inter-level travel time spent in this place.
 D = Time resting spent in this place.
 E = Time spent auto-exploring this place.
 F = Levels seen in this place.
 G = Mean time per level.
                   A        B        C        D        E       F      G
               +--------+--------+--------+--------+--------+-----+--------+
         Total |   2809 |   2767 |     42 |    212 |   2052 |   4 |  702.2 |
       Dungeon |   2809 |   2767 |     42 |    212 |   2052 |   4 |  702.2 |
               +--------+--------+--------+--------+--------+-----+--------+

Top non-repeatable levels by time:
     D:1: 1123 daAuts
     D:3: 818 daAuts
     D:2: 569 daAuts
     D:4: 297 daAuts
